 Dungeon Crawl Stone Soup version 0.17-a0-1450-g7e755d1 (webtiles) character file.

180 HEYYEYAAE the Gusty (level 5, -6/37 HPs)
             Began as a Human Air Elementalist on June 30, 2015.
             Mangled by HEYYEYAAE's ghost (11 damage)
             ... on level 3 of the Dungeon.
             The game lasted 00:04:04 (2135 turns).

HEYYEYAAE the Gusty (Human Air Elementalist)        Turns: 2135, Time: 00:04:04

Health: -6/37      AC:  8    Str:  8    XL:     5   Next: 91%
Magic:  9/9        EV: 10    Int: 16    God:
Gold:   171        SH:  0    Dex: 14    Spells: 1 memorised, 9 levels left

rFire  + . .     SeeInvis .     m - +2 whip (drain)
rCold  . . .     Clarity  .     g - +2 ring mail {rF+}
rNeg   + . .     SustAt   .     (no shield)
rPois  .         Gourm    .     (no helmet)
rElec  .         Spirit   .     (no cloak)
rCorr  .         Warding  +     n - +0 pair of gloves
rMut   .         Stasis   .     (no boots)
MR     .....                    l - amulet of warding
Stlth  +.........               (no ring)
                                (no ring)

@: about to teleport, not resistant to hostile enchantments, very unstealthy
A: no striking features
a: no special abilities


You were on level 3 of the Dungeon.
You were hungry.

You visited 1 branch of the dungeon, and saw 3 of its levels.

You collected 171 gold pieces.

Inventory:

Hand weapons
 e - a +0 dagger
 h - a +2 antimagic spear
 m - a +2 whip of draining (weapon)
Armour
 a - a +0 robe
 g - a +2 ring mail of fire resistance (worn)
 n - a +0 pair of gloves (worn)
Jewellery
 l - an amulet of warding (around neck)
Magical devices
 t - a wand of slowing (18)
Scrolls
 f - a scroll of teleportation
 i - 3 scrolls of identify {unknown}
 j - a scroll of recharging {unknown}
 p - a scroll of random uselessness {unknown}
 r - a scroll of remove curse {unknown}
 u - a scroll of fear {unknown}
 v - a scroll of magic mapping {unknown}
Potions
 q - a potion of agility {unknown}
Books
 b - a book of Air

   Spells                             Type                      Level
   a - Shock                          Conjuration/Air              1
   b - Swiftness                      Charms/Air                   2
   c - Repel Missiles                 Charms/Air                   2
   d - Static Discharge               Conjuration/Air              3
   e - Lightning Bolt                 Conjuration/Air              5
 o - a book of Burglary

   Spells                             Type                      Level
   a - Swiftness                      Charms/Air                   2
   b - Passwall                       Transmutation/Earth          3
   c - Passage of Golubria            Translocation                4
   d - Lee's Rapid Deconstruction     Earth                        5
   e - Invisibility                   Hexes                        6
   f - Darkness                       Hexes                        7
Comestibles
 c - a bread ration
 d - 2 meat rations
 s - a slice of pizza
 w - a royal jelly


   Skills:
 + Level 1.6 Fighting
 + Level 2.0 Armour
 + Level 2.7 Dodging
 - Level 2.0 Stealth
 * Level 3.0 Spellcasting
 - Level 1.0 Conjurations
 * Level 4.1 Air Magic


You had 9 spell levels left.
You knew the following spells:

 Your Spells              Type           Power        Failure   Level  Hunger
a - Shock                 Conj/Air       ##..         21%         1    #......


Dungeon Overview and Level Annotations

Branches:
Dungeon (3/15)

Altars:
Gozag
Makhleb
Xom
Zin

Annotations:
D:3 HEYYEYAAE's ghost, average HuAE


Message History

Unknown command.
Unknown command.
Unknown command.
Unknown command.
Unknown command.
Unknown command.
Unknown command.
Unknown command.
Unknown command.
Unknown command.
Drink which item? (? for menu, Esc to quit)
Okay, then.
Read which item? (? for menu, Esc to quit)
Okay, then.
Read which item? (? for menu, Esc to quit)
As you read the scroll of teleportation, it crumbles to dust.
You feel strangely unstable.
HEYYEYAAE's ghost hits you but does no damage.
You are electrocuted!
You die...

.###.....<........# #.#
.....########.###.######.#
###### #.# #........# #.#
########## #.# #.#
######.######
#............#
#.#####.$.@..# #.###W.#
#.# #..# #.# .....
#...#...... ....#...###.#
... ....# # ... ..#?# ##.
###.#


You could see HEYYEYAAE's ghost.

Vanquished Creatures
  Terence (D:2)
  9 adders
  2 oozes
  A worm (D:3)
  3 orcs (D:3)
  5 bats
  4 giant cockroaches
  5 hobgoblins
  7 kobolds
  3 quokkas
  A giant gecko (D:1)
  9 giant newts
  7 goblins
  4 rats (D:2)
61 creatures vanquished.

Notes
Turn   | Place    | Note
--------------------------------------------------------------
     0 | D:1      | HEYYEYAAE the Human Air Elementalist began the quest for the Orb.
     0 | D:1      | Reached XP level 1. HP: 13/13 MP: 3/3
   335 | D:1      | Reached XP level 2. HP: 11/19 MP: 1/5
   585 | D:1      | Reached skill level 1 in Armour
   589 | D:1      | Reached XP level 3. HP: 13/24 MP: 2/6
   709 | D:2      | Noticed Terence
   718 | D:2      | Killed Terence
   718 | D:2      | Reached XP level 4. HP: 17/31 MP: 2/7
   903 | D:2      | Reached skill level 1 in Fighting
  1025 | D:2      | Noticed an angel
  1026 | D:2      | Found a glowing silver altar of Zin.
  1035 | D:2      | Found a shimmering altar of Xom.
  1289 | D:2      | Reached XP level 5. HP: 28/37 MP: 7/9
  1492 | D:3      | Found an opulent altar of Gozag.
  1682 | D:3      | Found a burning altar of Makhleb.
  1733 | D:3      | Reached skill level 4 in Air Magic
  2131 | D:3      | Noticed HEYYEYAAE's ghost (average HuAE)
  2135 | D:3      | Mangled by HEYYEYAAE's ghost

Vault maps used:
D:1:      dpeg_arrival_yet_another_circle, lemuel_another_geyser
D:2:      grunt_temple_overflow_order_and_chaos_1, uniq_terence
D:3:      lemuel_doored_altar, nicolae_overflow_crystal_walls,
          nicolae_gozag_cash_rules_everything_around_me

Action                   |  1- 3 |  4- 6 || total
-------------------------+-------+-------++-------
Melee: Dagger            |    16 |       ||    16
       Spear             |    53 |    16 ||    69
       Whip              |       |   134 ||   134
 Cast: Shock             |     8 |    13 ||    21
  Use: Potion            |     1 |     1 ||     2
       Scroll            |       |     2 ||     2
 Stab: Sleeping          |     2 |     3 ||     5
       Distracted        |     1 |       ||     1
  Eat: Chunk             |       |     4 ||     4
